cohdb
Replays
Latest Replays
All Replays
Popular Replays
Top Player Replays
Match Explorer
How It Works
Community
CoH3 Stats
Reddit
Sign in to upload your games and track your stats! →
Sign in with Steam
Match 45908685
Unlisted
Match 45908685
Overview
Messages
Build Orders
End
Kettenkrad Recon Vehicle
Construct Infanterie Kompanie
Selects Breakthrough Battlegroup
Selects Assault Grenadiers
Grenadier Squad
Pioneer Squad
Grenadier Squad
Medical Station
Infanterie Officer Quarters
Grenadier Squad
MG 42 Machine Gun Team
vilsaulius
SoF Ya Nos
0
0
Comments
sign in to comment!
No comments posted yet!